 Dungeon Crawl Stone Soup version 0.20-a0-46-g4a4b873 (webtiles) character file.

271832 FrankyJ the Spry (level 19, -6/183 HPs)
             Began as a Minotaur Fighter on Nov 14, 2016.
             Was the Champion of Makhleb.
             Killed from afar by a Hell Sentinel (47 damage)
             ... with an iron shot
             ... summoned by a deep elf demonologist
             ... on level 3 of the Elven Halls.
             The game lasted 03:15:50 (42488 turns).

FrankyJ the Spry (Minotaur Fighter)                Turns: 42488, Time: 03:15:51

Health: -6/183     AC: 27    Str: 25    XL:     19   Next: 46%
Magic:  28/28      EV: 24    Int:  5    God:    Makhleb [******]
Gold:   1047       SH: 29    Dex: 19    Spells: 0 memorised, 18 levels left

rFire  . . .     SeeInvis +     F - +10 morningstar of the Immovable Tales {vamp, rC++ MR+ Dex-3 SInv}
rCold  + + .     Gourm    .     y - +5 scale mail "Uxuohah" {Str+4}
rNeg   . . .     Faith    .     c - +2 large shield {AC+3}
rPois  .         Spirit   .     (helmet restricted)
rElec  +         Reflect  +     J - +1 cloak {MR+}
rCorr  .         Harm     .     C - +1 pair of gloves
MR     +++..                    T - +2 pair of boots {Fly}
Stlth  ..........               h - +5 amulet of reflection
                                e - +4 ring of dexterity
                                S - +3 ring of slaying

@: flying, very slightly contaminated
A: retaliatory headbutt, horns 2, electricity resistance
a: Minor Destruction, Lesser Servant of Makhleb, Major Destruction, Greater
Servant of Makhleb, Renounce Religion, Stop Flying
}: 2/15 runes: decaying, serpentine


You were on level 3 of the Elven Halls.
You worshipped Makhleb.
Makhleb was exalted by your worship.
You were hungry.

You visited 7 branches of the dungeon, and saw 35 of its levels.
You also visited: Ice Cave.

You collected 2802 gold pieces.
You spent 1755 gold pieces at shops.

Inventory:

Hand Weapons
 b - a +1 morningstar of draining
 F - the +10 morningstar of the Immovable Tales (weapon) {vamp, rC++ MR+ Dex-3 SInv}
   (You bought it in a shop on level 2 of the Orcish Mines)

   It inflicts no extra harm, but heals its wielder when it wounds a living foe.
   It affects your dexterity (-3).
   It greatly protects you from cold.
   It affects your resistance to hostile enchantments.
   It lets you see invisible.
 M - a +4 demon whip of flaming
 R - a +1 morningstar of venom
 Y - the +4 arbalest "Luic" {venom, rF+ Int+3 Dex+4}
   (You found it on level 4 of the Lair of Beasts)

   It poisons the ammo it fires.
   It affects your intelligence (+3).
   It affects your dexterity (+4).
   It protects you from fire.
Missiles
 d - 4 tomahawks of returning
 k - 4 poisoned tomahawks (quivered)
 q - 14 javelins
 B - 35 tomahawks
Armour
 c - a +2 large shield of protection (worn)
 y - the +5 scale mail "Uxuohah" (worn) {Str+4}
   (You found it on level 5 of the Lair of Beasts)

   It affects your strength (+4).
 z - a +2 plate armour of poison resistance
 C - a +1 pair of gloves (worn)
 J - a +1 cloak of magic resistance (worn)
 T - a +2 pair of boots of flying (worn)
Jewellery
 e - a +4 ring of dexterity (right hand)
 g - an uncursed ring of resist corrosion
 h - a +5 amulet of reflection (around neck)
 O - an uncursed ring of protection from fire
 S - a +3 ring of slaying (left hand)
 W - an uncursed ring of protection from magic
Wands
 m - a wand of disintegration (1/24)
 n - a wand of iceblast (2/15)
 u - a wand of enslavement (15/24)
 w - a wand of paralysis (16/24)
 x - a wand of lightning (7/15)
 K - a wand of paralysis (10/24)
 X - a wand of acid (12/15)
Scrolls
 o - 7 scrolls of magic mapping
 p - 8 scrolls of teleportation
 r - a scroll of silence
 t - a scroll of fear
 v - 18 scrolls of remove curse
 D - a scroll of summoning
 E - 3 scrolls of amnesia
 L - 2 scrolls of fog
 P - 5 scrolls of identify
 Q - 2 scrolls of blinking
 U - a scroll of holy word
Potions
 i - a potion of cancellation
 j - 8 potions of flight
 l - 4 potions of curing
 G - 4 potions of might
 H - 4 potions of mutation
 I - 3 potions of heal wounds
 N - a potion of magic
 V - 2 potions of resistance
 Z - 3 potions of brilliance
Comestibles
 a - 3 slices of pizza
 f - 19 bread rations
 s - 18 meat rations
 A - 2 chunks of flesh


   Skills:
 * Level 19.2 Fighting
 + Level 15.4 Maces & Flails
 + Level 15.8 Armour
 + Level 19.6 Dodging
 + Level 16.0 Shields
 * Level 14.3 Invocations


You had 18 spell levels left.
You didn't know any spells.

Dungeon Overview and Level Annotations

Branches:
Dungeon (15/15) Temple (1/1) D:4 Lair (6/6) D:8 Swamp (4/4) Lair:2 Snake (4/4) Lair:2 Slime (0/5) Lair:5 Orc (2/2) D:10 Elf (3/3) Orc:2 Vaults (0/5) D:13 D:14 Depths (0/5) D:15

Altars:
Ashenzari
Cheibriados
Dithmenos
Elyvilon
Fedhas
Gozag
Hepliaklqana
Kikubaaqudgha
Makhleb
Nemelex Xobeh
Okawaru
Qazlal
Ru
Sif Muna
Trog
Uskayaw
Vehumet
Xom
Yredelemnul
Zin
The Shining One
Beogh

Shops:
D:11 =   Orc:2 }((   Elf:1 %   Snake:3 (   Snake:4 }(=}

Annotations:
Snake:2 Vashnia


Innate Abilities, Weirdness & Mutations

You reflexively headbutt those who attack you in melee.
You have a pair of horns on your head.
You are resistant to electric shocks. (rElec)


Message History

A demon appears!
What are your orders? t - Shout!
Orders for allies: a - Attack new target. r - Retreat! s - Stop attacking. g - Guard the area. f - Follow me.
Anything else - Cancel.
Gang up on whom?
Press: ? - help, Dir - move target cursor, f - Hell Sentinel
Aim: a Hell Sentinel (summoned) Attack!
Something hits your green death. x2
Something closely misses your green death.
Your green death hits the Hell Sentinel!!
Something hits your green death. x3; Something hits your green death!!
Something hits your green death!
Something barely misses your green death.
The Hell Sentinel gestures at you. The iron shot hits you!
You die...

..#........#...#
#...#........'...#
#...#........#...#
#...+........#...#
#...#........#...#
#...#........#...#
#...####'#####...#
#................#
#........@...12..#
#...##########1..# ###
#...#........#...# ##.##
#..1#........#....##...##
#...'..####..#...##(1)).#.
#...#..#..#..#..1.)3e⌠4)))
#...#..#..'..#...##.)...#.
#...#..#..#..#....##.2.###
#...#..#..#..'...# ##.##


You could see a Hell Sentinel, an Executioner and a friendly green death.

Vanquished Creatures
  Saint Roka (Snake:2)
  Nikola (Snake:1)
  Jorgrun (Elf:3)
  A tentacled monstrosity (Swamp:4)
  A deep elf blademaster (Elf:3)
  Kirke (Snake:2)
  2 thorn hunters
  Agnes (Snake:2)
  Roxanne (Snake:1)
  Louise (D:14)
  A deep elf sorcerer (Elf:3)
  9 nagarajas
  An orc warlord (Elf:2)
  A deep elf elementalist (Elf:3)
  A reaper (IceCv)
  A deep elf demonologist (Elf:3)
  Azrael (Orc:1)
  5 dire elephants (Lair:6)
  2 deep elf annihilators (Elf:3)
  Snorg (Orc:1)
  Josephine (D:14)
  An ogre mage (D:15)
  An ice dragon (D:15)
  20 hydras
  15 naga warriors
  4 ghost crabs
  A catoblepas (Lair:5)
  4 centaur warriors
  11 anacondas
  A tengu warrior (D:15)
  6 alligators
  7 shock serpents
  6 death yaks (Lair:6)
  25 dancing weapons
  7 orc high priests
  Urug (Lair:5)
  14 deep elf knights
  22 naga sharpshooters
  The ghost of TimeCube the Grappler, a novice TrHu of Okawaru (Lair:1)
  A salamander mystic (Snake:1)
  A sea snake (Snake:3)
  7 swamp dragons (Swamp:4)
  5 unseen horrors
  2 deep elf archers
  3 naga ritualists
  4 hill giants
  5 spriggan druids
  3 shambling mangroves
  10 orc knights
  12 ugly things
  A harpy (shapeshifter) (D:15)
  Pikel (D:7)
  3 orc sorcerers
  35 deep elf magi
  3 mana vipers
  9 salamanders
  A salamander (shapeshifter) (Elf:3)
  6 elephants
  5 manticores
  27 black mambas
  17 spiny frogs
  A torpor snail (Lair:2)
  4 guardian serpents
  2 ice statues (IceCv)
  27 naga magi
  2 gargoyles (D:15)
  A kobold demonologist (D:15)
  4 komodo dragons
  9 ice devils (IceCv)
  2 rime drakes (Lair:5)
  A harpy zombie (D:15)
  5 trolls
  7 hornets
  3 two-headed ogres
  2 polar bears
  7 tyrant leeches
  7 bog bodies
  6 hippogriffs
  18 blink frogs
  Prince Ribbit (D:9)
  17 slime creatures
  8 wraiths
  3 spriggans
  2 air elementals
  4 shadows
  Grum (D:9)
  3 hogs (Snake:2)
  9 wyverns
  37 yaks
  2 basilisks
  4 fire elementals
  16 humans
  2 hungry ghosts
  3 wargs
  A mottled dragon (D:12)
  10 insubstantial wisps
  49 nagas
  12 vampire mosquitoes
  23 swamp worms
  2 hell hounds
  13 water moccasins
  9 ice beasts
  7 sky beasts
  13 porcupines
  56 orc warriors
  2 slaves (D:6)
  A black bear (D:9)
  A hornet zombie (D:10)
  9 swamp drakes
  6 necrophages
  14 ogres
  4 phantoms
  10 wolves
  16 centaurs
  13 crocodiles
  2 big kobolds (D:8)
  22 bullfrogs
  A water moccasin zombie (D:9)
  A wyvern zombie (D:9)
  3 earth elementals (Elf:2)
  3 scorpions
  A wyvern skeleton (D:12)
  8 killer bees
  21 wights
  An electric eel (Lair:2)
  5 centaur zombies
  6 howler monkeys
  3 bullfrog zombies
  9 crimson imps
  2 quasits
  40 orc priests
  3 hounds
  3 bullfrog skeletons
  30 orc wizards
  A jelly (D:13)
  4 centaur skeletons
  10 iguanas
  13 worker ants
  A killer bee zombie (D:8)
  A hound skeleton (D:4)
  3 worker ant zombies
  11 gnolls
  12 adders
  4 shadow imps
  19 white imps
  14 ufetubi
  An ooze (D:2)
  An adder skeleton (D:8)
  7 worms
  4 dart slugs
  3 leopard geckos
  102 orcs
  5 giant cockroaches
  9 goblins
  6 hobgoblins
  11 jackals
  3 quokkas
  2 ball pythons
  12 bats
  8 frilled lizards
  18 kobolds
  A leopard gecko skeleton (D:4)
  8 rats
  2 plants
1294 creatures vanquished.

Vanquished Creatures (collateral kills)
  the Lernaean hydra (Swamp:4)
  A deep elf annihilator (Elf:3)
  2 deep elf demonologists (Elf:3)
  A deep elf death mage (Elf:3)
  A deep elf high priest (Elf:3)
  An ice dragon (D:15)
  2 hydras
  A naga warrior (Snake:4)
  2 anacondas
  A dancing weapon (Elf:3)
  2 naga sharpshooters (Snake:4)
  A shock serpent (Snake:3)
  A sea snake (Snake:3)
  A wolf spider zombie (D:15)
  2 deep elf magi (Elf:3)
  An orc knight (Orc:2)
  A mana viper (Snake:4)
  2 salamanders
  2 elephants (Lair:5)
  3 black mambas
  A centaur zombie (D:15)
  A naga mage (Snake:2)
  A hornet (Lair:2)
  8 nagas
  An orc warrior (Orc:2)
  A swamp drake (Swamp:4)
  A jelly (D:11)
  An orc wizard (Orc:2)
  An orc (Orc:2)
45 creatures vanquished.

Vanquished Creatures (others)
  Aizul (Snake:1)
  Nessos (Orc:2)
  5 naga sharpshooters
  3 cyclopes
  An elephant (Lair:5)
  2 naga magi (Snake:4)
  A human (Snake:2)
  A swamp worm (Swamp:4)
  2 nagas
  A swamp drake (Swamp:4)
  3 centaurs
  A bullfrog simulacrum (D:12)
  A hound zombie (D:7)
  An ufetubus (IceCv)
  4 orcs
  13 fungi
  4 plants
45 creatures vanquished.

Grand Total: 1384 creatures vanquished

Notes
Turn   | Place    | Note
-------+----------+-------------------------------------------
     0 | D:1      | FrankyJ the Minotaur Fighter began the quest for the Orb.
     0 | D:1      | Reached XP level 1. HP: 19/19 MP: 0/0
   119 | D:1      | Reached XP level 2. HP: 27/27 MP: 1/1
   371 | D:1      | Reached skill level 1 in Dodging
   636 | D:1      | Reached XP level 3. HP: 33/33 MP: 2/2
  1180 | D:2      | Reached XP level 4. HP: 40/40 MP: 3/3
  2152 | D:3      | Noticed an ogre
  2155 | D:3      | Killed an ogre
  2155 | D:3      | Reached XP level 5. HP: 34/47 MP: 4/4
  2525 | D:3      | Reached XP level 6. HP: 40/55 MP: 5/5
  3049 | D:4      | Reached skill level 5 in Fighting
  3049 | D:4      | Reached skill level 5 in Shields
  3305 | D:4      | Reached skill level 5 in Armour
  3305 | D:4      | Reached XP level 7. HP: 39/61 MP: 6/6
  3451 | D:4      | Found a staircase to the Ecumenical Temple.
  3470 | Temple   | Entered the Ecumenical Temple
  3602 | Temple   | Became a worshipper of Makhleb the Destroyer
  4201 | D:5      | Entered Level 5 of the Dungeon
  4311 | D:4      | Reached skill level 5 in Dodging
  4663 | D:5      | Reached * piety under Makhleb
  4663 | D:5      | Reached skill level 5 in Maces & Flails
  4663 | D:5      | Reached XP level 8. HP: 70/70 MP: 7/7
  4908 | D:6      | Found a deep blue altar of Sif Muna.
  5943 | D:7      | Reached XP level 9. HP: 67/78 MP: 8/8
  6007 | D:7      | Noticed Pikel
  6519 | D:7      | Reached ** piety under Makhleb
  6858 | D:7      | Killed Pikel
  8017 | D:8      | Found a staircase to the Lair.
  8047 | D:8      | Reached XP level 10. HP: 88/88 MP: 9/9
  8417 | D:8      | Found a shattered altar of Ashenzari.
  8767 | D:8      | Reached skill level 1 in Invocations
  8796 | D:8      | Reached *** piety under Makhleb
  9296 | D:9      | Noticed Grum
  9309 | D:9      | Killed Grum
  9396 | D:9      | Identified a scroll of acquirement
  9462 | D:9      | Noticed Prince Ribbit
  9465 | D:9      | Reached skill level 10 in Dodging
  9486 | D:9      | Killed Prince Ribbit
  9649 | D:9      | Identified the Tome of Summoning and the Mountains
 10232 | D:10     | Entered Level 10 of the Dungeon
 10324 | D:9      | Reached XP level 11. HP: 95/95 MP: 12/12
 10357 | D:10     | Noticed a hill giant
 10366 | D:10     | Killed a hill giant
 10366 | D:10     | Reached **** piety under Makhleb
 10556 | D:11     | Found a glowing golden altar of the Shining One.
 11022 | D:10     | Killed an unseen horror
 11256 | D:10     | Found a glowing golden altar of the Shining One.
 11431 | D:10     | Found a staircase to the Orcish Mines.
 11440 | Orc:1    | Entered Level 1 of the Orcish Mines
 11809 | Orc:1    | Reached ***** piety under Makhleb
 11899 | Orc:2    | Entered Level 2 of the Orcish Mines
 12141 | Orc:2    | Noticed an orc knight
 12149 | Orc:2    | Noticed an orc sorcerer
 12153 | Orc:2    | Noticed Nessos
 12162 | Orc:1    | Killed an orc sorcerer
 12689 | Lair:1   | Entered Level 1 of the Lair of Beasts
 12710 | Lair:1   | Reached skill level 10 in Shields
 12787 | Lair:1   | Found a shattered altar of Ashenzari.
 13291 | Lair:1   | Reached skill level 10 in Armour
 13317 | Lair:1   | Noticed TimeCube's ghost (novice TrHu)
 13348 | Lair:1   | Killed TimeCube's ghost
 13545 | Lair:1   | Noticed a five-headed hydra
 13552 | Lair:1   | Killed a five-headed hydra
 13588 | Lair:1   | Noticed a six-headed hydra
 13594 | Lair:1   | Killed a six-headed hydra
 13594 | Lair:1   | Reached XP level 12. HP: 105/105 MP: 14/14
 13723 | Lair:2   | Found a staircase to the Snake Pit.
 13894 | Lair:2   | Reached skill level 5 in Invocations
 13914 | Lair:2   | Reached skill level 10 in Maces & Flails
 14206 | Lair:2   | Reached skill level 10 in Fighting
 14464 | Lair:2   | Found a staircase to the Swamp.
 14679 | Swamp:1  | Entered Level 1 of the Swamp
 14679 | Swamp:1  | Noticed an alligator
 15988 | Lair:2   | Reached ****** piety under Makhleb
 16103 | Lair:4   | Got a faintly glowing arbalest
 16107 | Lair:4   | Identified the +4 arbalest "Luic" {venom, rF+ Int+3 Dex+4} (You found it on level 4 of the Lair of Beasts)
 16564 | Lair:4   | Reached XP level 13. HP: 115/115 MP: 16/16
 17246 | Lair:5   | Noticed Urug
 17249 | Lair:5   | Got a transparent scale mail
 17265 | Lair:5   | Killed Urug
 17370 | Lair:5   | Identified the +5 scale mail "Uxuohah" {Str+4} (You found it on level 5 of the Lair of Beasts)
 17374 | Lair:5   | Found a staircase to the Slime Pits.
 18247 | Lair:6   | Entered Level 6 of the Lair of Beasts
 18363 | Lair:6   | Noticed a dire elephant
 18363 | Lair:6   | Noticed a dire elephant
 18460 | Lair:6   | Noticed a dire elephant
 18555 | Lair:6   | Noticed a dire elephant
 18877 | Lair:6   | Killed a dire elephant
 19106 | Lair:6   | Noticed a dire elephant
 19142 | Lair:6   | Killed a dire elephant
 19326 | Lair:6   | Killed a dire elephant
 19526 | Lair:6   | Killed a dire elephant
 19568 | Lair:6   | Noticed a dire elephant
 19588 | Lair:6   | Killed a dire elephant
 19804 | Lair:6   | Reached XP level 14. HP: 127/127 MP: 18/18
 20255 | Orc:2    | Killed Nessos
 20579 | Orc:2    | Noticed Snorg
 20622 | Orc:2    | Noticed Azrael
 20764 | Orc:1    | Killed Snorg
 20979 | Orc:1    | Gained mutation: You are resistant to electric shocks. (rElec) [potion of beneficial mutation]
 20989 | Orc:1    | Killed Azrael
 21310 | Orc:2    | Reached skill level 15 in Dodging
 21355 | Orc:2    | Found a staircase to the Elven Halls.
 21485 | Orc:2    | Found a roughly hewn altar of Beogh.
 22388 | Orc:2    | Found Ifag's Armour Emporium.
 22388 | Orc:2    | Found Puyreath's Antique Weapon Emporium.
 22389 | Orc:2    | Found Gunopeiq's Gadget Emporium.
 22389 | Orc:2    | Found Dacut's Antique Weapon Shoppe.
 22399 | Orc:2    | Bought an ebony morningstar for 288 gold pieces
 22405 | Orc:2    | Identified the +10 morningstar of the Immovable Tales {vamp, rC++ MR+ Dex-3 SInv} (You bought it in a shop on level 2 of the Orcish Mines)
 22771 | D:11     | Found Qoedd's Jewellery Shoppe.
 23565 | D:12     | Found a frozen archway.
 23588 | IceCv    | Entered an ice cave
 23665 | IceCv    | Got a pair of brightly glowing boots
 23754 | IceCv    | Noticed a reaper
 23761 | IceCv    | Killed a reaper
 23861 | IceCv    | Identified the +2 pair of boots "Zaunojif" {rF+ rN+} (You found it in an ice cave)
 24752 | D:13     | Reached XP level 15. HP: 137/137 MP: 20/20
 24936 | D:14     | Found a gate to the Vaults.
 25151 | D:14     | Noticed Louise
 25179 | D:14     | Killed Louise
 25409 | D:14     | Noticed Josephine
 25415 | D:14     | Killed Josephine
 25902 | D:15     | Entered Level 15 of the Dungeon
 26144 | D:15     | Found a staircase to the Depths.
 26879 | D:13     | Reached skill level 15 in Fighting
 27056 | Snake:1  | Entered Level 1 of the Snake Pit
 27280 | Snake:1  | Noticed Aizul
 27301 | Snake:1  | Killed Aizul
 27302 | Snake:1  | Noticed Roxanne
 27320 | Snake:1  | HP: 6/141 [balrug/fireball[the player character] (50)]
 27524 | Snake:2  | Reached XP level 16. HP: 133/149 MP: 22/22
 27739 | Snake:1  | Killed Roxanne
 28379 | Snake:1  | Noticed Nikola
 28411 | Snake:1  | Killed Nikola
 28411 | Snake:1  | Reached skill level 10 in Invocations
 29416 | Snake:2  | Noticed Agnes
 29424 | Snake:2  | Killed Agnes
 29530 | Snake:2  | Noticed Vashnia
 29952 | Snake:2  | Noticed an Executioner
 30248 | Snake:2  | Noticed Saint Roka
 30290 | Snake:2  | Killed Saint Roka
 30431 | Snake:2  | Noticed Kirke
 30663 | Snake:2  | Killed Kirke
 31342 | Snake:3  | Found Mevoeci's Weapon Shoppe.
 31484 | Snake:3  | Reached XP level 17. HP: 159/159 MP: 24/24
 31999 | Snake:4  | Entered Level 4 of the Snake Pit
 32093 | Snake:4  | Found Epoal's Weapon Emporium.
 32097 | Snake:4  | Found Jelucwao's Gadget Emporium.
 32104 | Snake:4  | Bought the +10 dark maul {crush} for 1467 gold pieces
 32105 | Snake:4  | Found Quhu's Gadget Emporium.
 32136 | Snake:4  | Found Qijaung's Jewellery Boutique.
 33875 | Snake:4  | Got a serpentine rune of Zot
 34165 | Snake:3  | Reached skill level 15 in Shields
 35131 | Swamp:1  | Reached XP level 18. HP: 171/171 MP: 26/26
 36340 | Swamp:2  | Reached skill level 15 in Armour
 37098 | Swamp:4  | Entered Level 4 of the Swamp
 37483 | Swamp:4  | Noticed the 27-headed Lernaean hydra
 37750 | Swamp:4  | Noticed a tentacled monstrosity
 37876 | Swamp:4  | Killed a tentacled monstrosity
 38716 | Swamp:4  | Killed the 27-headed Lernaean hydra
 38813 | Swamp:4  | Got a decaying rune of Zot
 39304 | Elf:1    | Entered Level 1 of the Elven Halls
 39569 | Elf:1    | Found Ironu's Food Emporium.
 39776 | Elf:1    | Reached skill level 15 in Maces & Flails
 40459 | Elf:2    | Found a huge runed gate.
 40459 | Elf:2    | Found a huge runed gate.
 40459 | Elf:2    | Found a huge runed gate.
 40459 | Elf:2    | Found a huge runed gate.
 40459 | Elf:2    | Found a huge runed gate.
 41042 | Elf:2    | Reached XP level 19. HP: 181/181 MP: 28/28
 41778 | Elf:2    | Found a roughly hewn altar of Beogh.
 41865 | Elf:2    | Got a bloodstained flail
 41866 | Elf:2    | Identified the +5 flail of the Establishment {crush, Int+2} (You found it on level 2 of the Elven Halls)
 42171 | Elf:3    | Entered Level 3 of the Elven Halls
 42304 | Elf:3    | Noticed Jorgrun
 42316 | Elf:3    | Killed Jorgrun
 42488 | Elf:3    | Killed from afar by a Hell Sentinel

Vault maps used:
D:1:      minmay_arrival_cross
D:2:      first_bread
D:3:      wad_river_or_something
D:6:      basic_altar
D:7:      grunt_ogre_cave, uniq_pikel
D:8:      dpeg_lair_monsters, evilmike_ruin_ashenzari
D:9:      uniq_grum, uniq_prince_ribbit1
D:10:     orc_0_dummy, basic_altar
D:11:     serial_shops, kennysheep_mini, basic_altar, roderic_lattice_a,
          kennysheep_generic_room_4
D:12:     serial_ice, serial_ice_e, serial_ice_n, serial_ice_g, serial_ice_a,
          portal_ice_cave_entry_imps
D:14:     david_vaults_3, grunt_decor_fettered, uniq_louise, uniq_josephine
D:15:     grunt_enter_depths_hoard, small_statue_intersection
Temple:   kilobyte_greek_temple
Lair:1:   basic_altar
Lair:2:   nicolae_swamp_entry_splash_gauntlet, guppyfry_snake_entry_island
Lair:3:   beast_lair_carwin_10, grunt_megastairs_1
Lair:4:   roderic_carrion_pond
Lair:5:   slime_dummy, hibernation_bobbens, uniq_urug
Lair:6:   due_jungle_book, st_stairs_7, infiniplex_staircase_pool_2
Swamp:1:  evilmike_swamp_ruin_rubble_1, infiniplex_staircase_pool
Swamp:2:  serial_swamp_ruin, evilmike_swamp_ruin_house_4,
          evilmike_swamp_ruin_rubble_2
Swamp:3:  evilmike_swamp_ruin_house_1
Swamp:4:  swamp_old_school
Snake:1:  uniq_nikola, uniq_roxanne, uniq_aizul
Snake:2:  nicolae_snakescales, uniq_kirke, uniq_vashnia, uniq_saint_roka,
          uniq_agnes
Snake:3:  serial_shops, shop_statue, serial_bayou_shore_a
Snake:4:  snake_pit, serial_shops, nicolae_shop_trees, minmay_shop_grove
Orc:1:    nooodl_orcs_dogs
Orc:2:    st_orc_pillars, basic_altar, enter_volcano_1, uniq_snorg, uniq_azrael,
          uniq_nessos
Elf:1:    eino_elf_arrival_customs, serial_co_window_serial,
          co_window_of_opportunity_a, co_window_of_opportunity_a,
          co_window_paths_a, co_window_corner_a, co_window_corner_a,
          co_window_paths_a, co_window_of_opportunity_a,
          co_window_of_opportunity_b, co_window_paths_c, co_window_broadway_c,
          co_window_unsneaky_path_c, co_window_corner_b, co_window_broadway_a,
          co_window_2corner, glass_columns_c, glass_columns_c, glass_columns_a,
          serial_shops, shop
Elf:2:    special_room
Elf:3:    grunt_elf_hall_diamonds, uniq_jorgrun
IceCv:    ice_cave_small_demon

Skill      XL: |  1  2  3  4  5  6  7  8  9 10 11 12 13 14 15 16 17 18 19 |
---------------+----------------------------------------------------------+-----
Fighting       | 4 5 6 7 8 9 10 12 13 15 16 17 18 19 | 19.2
Dodging        | 1 3 4 5 7 9 10 11 13 14 16 17 18 19 | 19.6
Maces & Flails | 3 4 5 6 7 8 9 10 11 12 13 14 15 | 15.4
Shields        | 4 5 6 7 8 9 10 11 12 13 14 15 16 | 16.0
Armour         | 4 5 6 7 9 10 11 12 13 14 15 | 15.8
Invocations    | 3 4 6 7 8 9 11 12 13 14 | 14.3

Action                   |  1- 3 |  4- 6 |  7- 9 | 10-12 | 13-15 | 16-18 | 19-21 || total
-------------------------+-------+-------+-------+-------+-------+-------+-------++-------
Melee: Flail             |   131 |   133 |   462 |   348 |       |       |       ||  1074
       Headbutt          |    23 |    25 |   103 |   252 |   351 |   410 |    77 ||  1241
       Morningstar       |       |       |       |   557 |  1120 |  1416 |   256 ||  3349
Throw: Javelin           |       |       |       |       |     1 |       |       ||     1
Invok: Major Destruction |       |       |       |       |    49 |     7 |       ||    56
       Lesser Servant of |       |       |       |       |     9 |    28 |     3 ||    40
       Greater Servant o |       |       |       |       |     4 |    10 |     2 ||    16
       Minor Destruction |       |       |       |       |       |     2 |       ||     2
 Abil: Stop Flying       |       |       |       |       |     1 |       |       ||     1
Evoke: Wand              |       |     3 |     3 |     9 |    17 |     6 |       ||    38
  Use: Scroll            |       |       |    15 |    18 |    16 |    12 |     4 ||    65
       Potion            |       |       |       |     1 |     6 |     5 |       ||    12
 Stab: Distracted        |       |       |       |       |     1 |     5 |       ||     6
  Eat: Chunk             |     1 |     7 |    16 |    30 |    25 |    17 |     4 ||   100
       Beef jerky        |       |       |       |       |     8 |     3 |       ||    11
       Pizza             |       |       |       |       |     5 |     2 |       ||     7
       Fruit             |       |       |       |       |     2 |     8 |       ||    10
       Royal jelly       |       |       |       |       |     1 |       |       ||     1
       Meat ration       |       |       |       |       |       |     2 |       ||     2
Armor: Scale mail        |    54 |    33 |    99 |       |   217 |   141 |    15 ||   559
       Plate armour      |       |       |    15 |   301 |    41 |   332 |       ||   689
Dodge: Dodged            |    34 |    30 |   100 |   285 |   651 |   737 |    44 ||  1881
Block: Shield            |   127 |    93 |   379 |   915 |  1199 |  1164 |       ||  3877
       Reflection        |     2 |     3 |    14 |    17 |    75 |   237 |    15 ||   363
       Large shield      |       |       |       |       |       |   692 |   186 ||   878
